Map: Blueshift LE

Players

Linair - Winner!

  • Race: Zerg Zerg
  • League: Diamond
  • Spawn Location: 7:00

Smileblind

  • Race: Zerg Zerg
  • League: Silver
  • Spawn Location: 1:00

VOD

Have the link to the VOD?

Description

Time

  • Played on: Jan. 16, 2019, 12:13 a.m.
  • Length: 13:15
Show
View Real Time Build Order
Export as new Build Order

Linair Zerg - Winner!

Build Orders: Hatch First 

Get SALT Encoding   

  12  0:01  Drone  
  13  0:09  Drone  
  14  0:17  Overlord  
  14  0:36  Drone x3  
  18  0:50  Drone  
  18  0:59  Extractor  
  18  1:00  Hatchery  
  16  1:14  Spawning Pool  
  16  1:17  Drone  
  16  1:18  Drone  
  17  1:28  Drone  
  18  1:36  Drone  
  19  1:44  Overlord  
  19  1:54  Drone  
  19  2:01  Queen  
  20  2:03  Metabolic Boost  
  22  2:11  Queen  
  22  2:13  Zergling x2  
  22  2:14  Zergling x2  
  22  2:15  Zergling x2  
  27  2:36  Drone x4  
  31  2:40  Queen  
  33  2:52  Baneling Nest  
  33  2:53  Queen  
  33  2:57  Overlord  
  34  3:32  Drone  
  34  3:33  Drone x9  
  44  3:37  Overlord  
  44  3:38  Overlord  
  44  3:50  Lair  
  44  3:59  Drone  
  44  4:00  Drone x7  
  52  4:16  Hatchery  
  51  4:42  Roach Warren  
  50  4:46  Evolution Chamber x2  
  48  4:54  Extractor  
  48  4:55  Extractor, Overlord  
  48  4:58  Drone x4  
  48  4:59  Drone x2  
  52  5:00  Overlord  
  52  5:01  Overlord x2  
  52  5:14  Zerg Ground Armor Level 1, Zerg Missile Weapons Level 1  
  52  5:38  Glial Reconstitution  
  52  5:41  Hydralisk Den  
  51  5:49  Roach x7  
  65  5:52  Overlord x4  
  65  5:56  Spore Crawler  
  64  5:58  Spore Crawler  
  64  6:00  Spore Crawler  
  62  6:20  Drone x14  
  76  6:30  Muscular Augments  
  76  6:33  Centrifical Hooks  
  76  6:42  Extractor  
  76  6:45  Extractor  
  76  6:46  Extractor, Zergling x18  
  81  7:15  Hydralisk x6  
  80  7:16  Hydralisk  
  80  7:19  Zergling x14  
  100  7:41  Grooved Spines  
  100  7:50  Hatchery  
  99  7:55  Zerg Ground Armor Level 2, Zerg Missile Weapons Level 2  
  99  8:01  Infestation Pit  
  99  8:04  Drone x3  
  99  8:05  Drone x2  
  102  8:07  Drone x5  
  102  8:09  Roach  
  102  8:10  Roach x4  
  118  8:41  Drone x3  
  121  8:42  Overlord  
  121  8:43  Overlord x4  
  121  8:57  Hive  
  121  9:01  Spire  
  120  9:26  Drone  
  120  9:27  Drone x10  
  120  9:28  Drone  
  128  10:08  Hydralisk x16  
  160  10:18  Greater Spire  
  160  10:20  Pneumatized Carapace  
  160  10:23  Burrow  
  160  10:24  Hatchery  
  159  10:28  Overlord x2  
  159  10:29  Overlord x4  
  159  10:37  Extractor x2, Zerg Missile Weapons Level 3, Zerg Ground Armor Level 3  
  157  11:07  Drone x5  
  157  11:08  Drone x3  
  165  11:20  Roach x10  
  165  11:23  Zergling x14  
  165  11:53  Hydralisk x11  
  165  11:54  Hydralisk x5  
  191  12:14  Queen  
  191  12:15  Queen  
  193  12:20  Extractor  
  193  12:22  Extractor  
  191  12:36  Drone x2  
  191  12:37  Drone  
Show
View Real Time Build Order
Export as new Build Order

Smileblind Zerg 

Build Orders: Pool First 

Get SALT Encoding   

  12  0:03  Drone  
  13  0:08  Drone  
  14  0:19  Overlord  
  14  0:36  Spawning Pool  
  13  0:44  Drone x2  
  13  0:47  Extractor  
  15  0:50  Drone  
  15  0:56  Extractor  
  14  0:58  Drone  
  15  1:11  Drone  
  16  1:17  Drone  
  17  1:24  Queen  
  19  1:30  Overlord  
  19  1:44  Roach Warren  
  18  1:51  Metabolic Boost  
  18  1:54  Zergling x4  
  20  2:01  Drone  
  21  2:17  Drone  
  22  2:40  Hatchery  
  21  2:45  Roach x2  
  25  3:02  Spine Crawler  
  25  3:05  Drone x2  
  26  3:14  Roach  
  29  3:27  Drone x2  
  29  3:30  Overlord  
  30  3:45  Spore Crawler  
  29  3:50  Queen  
  31  3:57  Zergling x2  
  31  3:59  Drone  
  33  4:05  Drone  
  33  4:07  Drone  
  35  4:19  Queen  
  35  4:23  Drone  
  38  4:28  Drone  
  38  4:29  Drone  
  40  4:33  Drone  
  41  4:39  Overlord  
  41  4:50  Roach  
  43  5:02  Lair  
  43  5:10  Drone x2  
  43  5:11  Drone  
  43  5:13  Queen  
  48  5:23  Drone  
  48  5:24  Spine Crawler  
  48  5:41  Hatchery  
  47  5:44  Roach x2  
  47  5:45  Zergling x2  
  52  5:51  Overlord  
  52  5:53  Overlord  
  52  6:00  Glial Reconstitution  
  52  6:08  Overlord  
  52  6:12  Overlord  
  52  6:23  Drone x2  
  54  6:27  Drone x3  
  54  6:28  Drone  
  58  6:38  Overlord  
  58  6:46  Roach x4  
  66  6:50  Roach  
  66  6:52  Roach  
  68  7:19  Tunneling Claws  
  68  7:22  Roach x5  
  77  7:27  Queen  
  79  7:30  Drone x2  
  79  7:31  Drone  
  79  7:34  Overlord  
  82  7:53  Roach  
  82  7:54  Roach x6  
  82  7:55  Roach  
  98  7:59  Drone x2  
  98  8:03  Queen  
  98  8:04  Overlord  
  102  8:22  Roach x5  
  102  8:23  Roach  
  114  8:28  Overlord  
  114  8:29  Overlord x2  
  114  8:47  Drone x3  
  117  9:02  Hydralisk Den  
  117  9:06  Spine Crawler  
  117  9:08  Drone  
  117  9:09  Spine Crawler  
  115  9:17  Roach x3  
  115  9:18  Roach x4  
  129  9:26  Drone x3  
  132  9:41  Roach x3  
  138  9:52  Overlord x2  
  138  9:53  Overlord  
  138  10:10  Hydralisk x3  
  138  10:11  Hydralisk x2  
  148  10:16  Hydralisk x6  
  148  10:17  Hydralisk  
  162  10:27  Grooved Spines  
  162  10:30  Overlord  
  162  10:31  Overlord x2  
  162  10:44  Overlord  
  162  10:45  Overlord x3  
  162  10:51  Hydralisk x2  
  162  10:52  Hydralisk x2  
  170  10:57  Hydralisk x2  
  170  11:00  Roach  
  170  11:03  Zergling x2  
  170  11:04  Zergling x2  
  178  11:06  Zergling x2  
  179  11:16  Hydralisk x3  
  185  11:19  Zergling x4  
  185  11:23  Hydralisk  
  189  11:29  Zergling x8  
  193  11:38  Muscular Augments  
  70  11:56  Roach x6  
  70  11:57  Roach x4  
  70  12:01  Hydralisk x2  
  80  12:26  Hydralisk x4  
  80  12:27  Hydralisk x2  
  80  12:29  Zergling x4  
  89  12:30  Zergling x4  
Tags
 
Add a new tag
Caveats
  • Supply blocks, unpowered buildings, or Contaminate may cause inaccurate times.
  • Supply counts are checked every 10 seconds.